 Dungeon Crawl Stone Soup version 0.28.0-53-g5a82cb258f (webtiles) character file.

Game seed: 12393257124484013926

492 Ashen the Magician (level 6, 0/35 HPs)
             Began as a Deep Elf Air Elementalist on June 18, 2022.
             Slain by a scorpion (1 damage)
             ... on level 5 of the Dungeon.
             The game lasted 00:08:06 (5235 turns).

Ashen the Magician (Deep Elf Air Elementalist)      Turns: 5235, Time: 00:08:06

Health: 0/35       AC:  3    Str:  5    XL:     6   Next: 91%
Magic:  15/15      EV: 13    Int: 22    God:
Gold:   194        SH:  0    Dex: 15    Spells: 4/14 levels left

rFire   . . .      SeeInvis .   e - staff of conjuration
rCold   . . .      Faith    .   (no shield)
rNeg    + . .      Spirit   .   a - +0 robe
rPois   .          Reflect  .   g - +0 helmet
rElec   .          Harm     .   (no cloak)
rCorr   .          Rampage  .   (no gloves)
Will    .....                   (no boots)
Stlth   +++.......              (no amulet)
HPRegen 0.11/turn               h - ring of positive energy
MPRegen 0.14/turn               (no ring)

@: very slightly contaminated
A: no striking features
a: no special abilities


You were on level 5 of the Dungeon.
You visited 1 branch of the dungeon, and saw 5 of its levels.

You collected 194 gold pieces.

Inventory:

Armour
 a - a +0 robe (worn)
 g - a +0 helmet (worn)
Magical Staves
 e - a staff of conjuration (weapon)
Jewellery
 h - a ring of positive energy (left hand)
Wands
 l - a wand of charming (9)
Scrolls
 b - 4 scrolls of identify {unknown}
 k - a scroll of silence {unknown}
Potions
 c - 3 potions of curing {unknown}
 d - 2 potions of magic
 f - 2 potions of degeneration {unknown}
 i - a potion of heal wounds {unknown}
 j - 2 potions of mutation {unknown}
 m - a potion of might {unknown}
 n - a potion of berserk rage {unknown}


   Skills:
 + Level 2.0 Fighting
 + Level 4.2 Dodging
 + Level 4.5 Stealth
 + Level 4.8 Spellcasting
 + Level 3.3 Conjurations
 + Level 4.2 Air Magic


You had 4 spell levels left.
You knew the following spells:

 Your Spells              Type           Power      Damage    Failure   Level
a - Shock                 Conj/Air       100%       1d9       2%          1
b - Static Discharge      Conj/Air       32%        N/A       3%          2
c - Swiftness             Air            23%        N/A       5%          3
d - Airstrike             Air            11%        N/A       19%         4

Your spell library contained the following spells:

 Spells                   Type           Power      Damage    Failure   Level
 Slow                     Hex            20%        N/A       11%         1
 Sublimation of Blood     Necr           5%         N/A       16%         2
 Wereblood                Tmut           5%         N/A       16%         2
 Confusing Touch          Hex            5%         N/A       30%         3
 Vampiric Draining        Necr           5%         2d6       30%         3
 Summon Hydra             Summ           2%         N/A       100%        7


Dungeon Overview and Level Annotations

Branches:
Dungeon (5/15)
 Temple: D:4-7

Altars:

Annotations:
D:4 1 runed translucent door, SHADDY's ghost, amateur DDFi


Message History

The zap hits the scorpion!
The scorpion is heavily wounded.
The orc priest mumbles some strange prayers to Beogh against you.
Beogh smites you!
* * * LOW HITPOINT WARNING * * *
Casting: Shock (safe; 2% risk of failure)
Confirm with . or Enter, or press ? or * to list all spells.
Aiming: Shock (safe; 2% risk of failure)
Press: ? - help, Shift-Dir - straight line, f/p - orc priest
Aim: an orc priest, wielding a +0 short sword (almost dead, 74% to hit)
You feel a surge of power!
The zap hits the orc priest!
You kill the orc priest!
The zap misses the scorpion.
Casting: Shock (safe; 2% risk of failure)
Confirm with . or Enter, or press ? or * to list all spells.
Aiming: Shock (safe; 2% risk of failure)
Press: ? - help, Shift-Dir - straight line, f - scorpion
Aim: a scorpion (heavily wounded, 74% to hit)
You feel a surge of power!
You miscast Shock.
You are very lightly contaminated with residual magic.
Nothing appears to happen.
Casting: Shock (safe; 2% risk of failure)
Confirm with . or Enter, or press ? or * to list all spells.
Aiming: Shock (safe; 2% risk of failure)
Press: ? - help, Shift-Dir - straight line, f/p - scorpion
Aim: a scorpion (heavily wounded, 74% to hit)
You feel a surge of power!
The zap misses the scorpion.
The scorpion barely misses you.
Casting: Shock (safe; 2% risk of failure)
Confirm with . or Enter, or press ? or * to list all spells.
Aiming: Shock (safe; 2% risk of failure)
Press: ? - help, Shift-Dir - straight line, f/p - scorpion
Aim: a scorpion (heavily wounded, 74% to hit)
You feel a surge of power!
The zap hits the scorpion.
The scorpion is severely wounded.
The scorpion stings you!
* * * LOW HITPOINT WARNING * * *
It was a potion of magic.
Magic courses through your body. The scorpion stings you.
You die...

#). #)# #)#
#.# #.# ##
#.# .# #s#
.#####
#@#####
.....#
#.....#
####.#
###########.#
#.#
#...........#
#.###
#.###########
#...# #.#
###.###.#
#.....#
#######


You could see a scorpion.

Vanquished Creatures
  An ice beast (D:4)
  An ogre (D:4)
  A phantom (D:4)
  A hound (D:4)
  2 orc priests
  A bullfrog skeleton (D:4)
  3 adders
  An ufetubus (D:4)
  An adder skeleton (D:4)
  A worm (D:2)
  4 dart slugs
  10 orcs
  3 ball pythons
  10 endoplasms
  2 giant cockroaches
  6 goblins
  8 hobgoblins
  5 kobolds
  2 quokkas (D:1)
  5 bats
  2 frilled lizards (D:1)
  2 quokka skeletons (D:4)
  8 rats
80 creatures vanquished.

Vanquished Creatures (others)
  2 fungi (D:3)
  2 plants (D:3)
4 creatures vanquished.

Grand Total: 84 creatures vanquished

Notes
Turn   | Place    | Note
-------+----------+-------------------------------------------
     0 | D:1      | Ashen the Deep Elf Air Elementalist began the quest for the
                  | Orb.
     0 | D:1      | Reached XP level 1. HP: 10/10 MP: 6/6
   538 | D:1      | Reached XP level 2. HP: 15/15 MP: 5/8
   788 | D:1      | Learned a level 2 spell: Static Discharge
  1184 | D:1      | Reached XP level 3. HP: 20/20 MP: 7/9
  1618 | D:2      | Reached skill level 1 in Fighting
  1918 | D:2      | Learned a level 3 spell: Swiftness
  2382 | D:3      | Reached XP level 4. HP: 25/25 MP: 9/11
  3411 | D:3      | Found a faded altar of an unknown god.
  3501 | D:4      | Noticed an ice beast
  3516 | D:4      | HP: 1/25 [ice beast (5)]
  3517 | D:4      | Killed an ice beast
  3518 | D:4      | Reached XP level 5. HP: 1/29 MP: 1/13
  3997 | D:4      | Noticed an ogre
  4004 | D:4      | Learned a level 4 spell: Airstrike
  4008 | D:4      | Noticed a phantom
  4036 | D:4      | Killed a phantom
  4037 | D:4      | Reached XP level 6. HP: 22/35 MP: 6/14
  4568 | D:4      | Found a runed translucent door.
  4570 | D:4      | Noticed SHADDY's ghost (amateur DDFi)
  5068 | D:5      | Entered Level 5 of the Dungeon
  5234 | D:5      | HP: 1/35 [scorpion (8)]
  5235 | D:5      | Slain by a scorpion

Illustrated notes

Levels and vault maps discovered:
D:1:      matt_arrival_spirals, layout_rooms, chequers_serial_rivers_micro_c
D:2:      layout_basic
D:3:      layout_basic, shapermc_ecumenical_altar_mp_ritualfount,
          minmay_statues_item
D:4:      layout_loops_corners, ebering_ghost_sewer_d, dk_vineyard_1,
          kennysheep_boxes
D:5:      layout_basic

Skill      XL: |  1  2  3  4  5  6 |
---------------+-------------------+-----
Stealth        | 3 4 |  4.5
Dodging        | 3 4 |  4.2
Fighting       | 1 2 |  2.0
Conjurations   | 2 3 |  3.3
Spellcasting   | 4 |  4.8
Air Magic      | 4 |  4.2

Action                   |  1- 3 |  4- 6 || total
-------------------------+-------+-------++-------
Melee: Staff             |     7 |       ||     7
       Punch             |     1 |       ||     1
 Cast: Shock             |    82 |    92 ||   174
  Use: Potion            |       |     1 ||     1
Armor: Robe              |     1 |     1 ||     2
Dodge: Dodged            |    14 |    10 ||    24
